 Dungeon Crawl Stone Soup version 0.27-a0-1119-gbf574a6a6b (webtiles) character file.

Game seed: 9259699118526346999

87 pokeman the Magician (level 4, -8/25 HPs)
             Began as a Deep Elf Hedge Wizard on May 2, 2021.
             Killed by nerve-wracking pain
             ... invoked by Grinder
              (11 damage)
             ... on level 3 of the Dungeon.
             The game lasted 00:06:49 (3710 turns).

pokeman the Magician (Deep Elf Hedge Wizard)        Turns: 3710, Time: 00:06:49

Health: -8/25      AC:  7    Str:  7    XL:     4   Next: 28%
Magic:  1/13       EV: 12    Int: 20    God:
Gold:   66         SH:  5    Dex: 14    Spells: 3/14 levels left

rFire    . . .     SeeInvis .   m - +2 dagger (drain)
rCold    . . .     Faith    .   (no shield)
rNeg     . . .     Spirit   .   l - +0 leather armour
rPois    .         Reflect  +   n - +0 helmet
rElec    .         Harm     .   j - +2 cloak
rCorr    .         Rampage  .   (no gloves)
Will     .....                  (no boots)
Stlth    ++........             d - amulet of reflection
HPRegen  0.08/turn              (no ring)
MPRegen  0.13/turn              (no ring)

@: very slightly contaminated
A: no striking features
a: no special abilities


You were on level 3 of the Dungeon.
You visited 1 branch of the dungeon, and saw 3 of its levels.

You collected 66 gold pieces.

Inventory:

Hand Weapons
 m - a +2 dagger of draining (weapon)
Missiles
 f - 15 arrows
 h - 36 bolts
Armour
 j - a +2 cloak (worn)
 l - a +0 leather armour (worn)
 n - a +0 helmet (worn)
Jewellery
 d - an amulet of reflection (around neck)
Scrolls
 b - 2 scrolls of immolation {unknown}
 g - 4 scrolls of identify {unknown}
 k - a scroll of blinking {unknown}
Potions
 e - 2 potions of magic {unknown}
 i - a potion of heal wounds {unknown}
 o - a potion of mutation {unknown}


   Skills:
 - Level 1.0 Fighting
 - Level 1.0 Armour
 + Level 2.7 Dodging
 - Level 2.4 Stealth
 * Level 5.5 Spellcasting
 + Level 2.2 Conjurations
 - Level 1.1 Summonings
 - Level 1.1 Translocations
 + Level 0.9 Fire Magic


You had 3 spell levels left.
You knew the following spells:

 Your Spells              Type           Power      Damage    Failure   Level
a - Magic Dart            Conj           56%        1d5       6%          1
b - Mephitic Cloud        Conj/Pois/Air  8%         N/A       34%         3
c - Call Imp              Summ           10%        N/A       16%         2
d - Blink                 Tloc           N/A        N/A       16%         2
e - Conjure Flame         Conj/Fire      11%        6-21      26%         3

Your spell library contained the following spells:

 Spells                   Type           Power      Damage    Failure   Level
 Slow                     Hex            5%         N/A       24%         2


Dungeon Overview and Level Annotations

Branches:
Dungeon (3/15)

Altars:
The Shining One

Annotations:
D:3 Grinder


Message History

Your shadow imp closely misses Grinder.
Your white imp hits Grinder.
Your white imp freezes Grinder.
Grinder completely resists.
Casting: Magic Dart (safe; 6% risk of failure)
Confirm with . or Enter, or press ? or * to list all spells.
Aiming: Magic Dart (safe; 6% risk of failure)
Press: ? - help, Shift-Dir - straight line, f/p - Grinder
Aim: Grinder (moderately wounded, ally target, 100% to hit)
You miscast Magic Dart.
You are very lightly contaminated with residual magic.
Nothing appears to happen.
Grinder hits you.
You writhe in agony.
Your white imp gestures at Grinder.
The puff of frost hits Grinder.
Grinder resists.
Your white imp misses Grinder.
Your shadow imp barely misses Grinder.
Casting: Magic Dart (safe; 6% risk of failure)
Confirm with . or Enter, or press ? or * to list all spells.
Aiming: Magic Dart (safe; 6% risk of failure)
Press: ? - help, Shift-Dir - straight line, f/p - Grinder
Aim: Grinder (moderately wounded, ally target, 100% to hit)
The magic dart hits Grinder but does no damage.
Grinder is moderately wounded.
Grinder closely misses you.
Your white imp hits Grinder.
Your white imp freezes Grinder.
Grinder completely resists.
Your white imp hits Grinder but does no damage.
Your shadow imp closely misses Grinder.
Casting: Magic Dart (safe; 6% risk of failure)
Confirm with . or Enter, or press ? or * to list all spells.
Aiming: Magic Dart (safe; 6% risk of failure)
Press: ? - help, Shift-Dir - straight line, f/p - Grinder
Aim: Grinder (heavily wounded, ally target, 100% to hit)
The magic dart hits Grinder.
Grinder is heavily wounded.
Grinder gestures at you. Pain shoots through your body!
Ouch! That really hurt!
* * * LOW HITPOINT WARNING * * *
Your white imp closely misses Grinder. x2; Your shadow imp misses Grinder.
Unknown command.
Grinder gestures at you. Pain shoots through your body!
You die...

#...##...#...##### #.# #.
#...##...#.......### #.# #.
###.###<##...##....###.###.
#...#..#...##....##......
###.#..###(##....#..#.##.
#.#..###.##.###.....##.
#.#...##.##.#.....####.
#...#..#.#......####...
###...@#.......####..#.
#(#......#####....##.
#.###.55.###...####..
#.....55.#...### #..
###.....#..#.### ##.>
###....##.......### #..5
#...#.###..###....# #...
##...#.####..###.#.####...
#...#...###..###..........


You could see Grinder (ally target), 2 friendly white imps and a friendly shadow
imp (summoned).

Vanquished Creatures
  Robin (D:3)
  An adder (D:2)
  A dart slug (D:1)
  An orc (D:2)
  5 ball pythons
  3 endoplasms
  2 giant cockroaches (D:1)
  14 goblins
  7 hobgoblins
  4 kobolds
  8 quokkas
  4 bats
  A frilled lizard (D:1)
  3 rats (D:1)
55 creatures vanquished.

Vanquished Creatures (collateral kills)
  An endoplasm (D:1)
  A hobgoblin (D:1)
  A kobold (D:1)
3 creatures vanquished.

Grand Total: 58 creatures vanquished

Notes
Turn   | Place    | Note
-------+----------+-------------------------------------------
     0 | D:1      | pokeman the Deep Elf Hedge Wizard began the quest for the
                  | Orb.
     0 | D:1      | Reached XP level 1. HP: 10/10 MP: 7/7
   330 | D:1      | Reached XP level 2. HP: 16/16 MP: 7/9
   782 | D:1      | Reached skill level 5 in Spellcasting
  1134 | D:1      | Reached XP level 3. HP: 15/20 MP: 2/11
  1138 | D:1      | Learned a level 3 spell: Mephitic Cloud
  1141 | D:1      | Learned a level 2 spell: Call Imp
  1144 | D:1      | Learned a level 2 spell: Blink
  1148 | D:1      | Learned a level 3 spell: Conjure Flame
  1839 | D:2      | Found a glowing golden altar of the Shining One.
  2049 | D:3      | Reached skill level 1 in Armour
  2060 | D:2      | Reached skill level 1 in Fighting
  2277 | D:3      | Noticed Grinder
  2765 | D:3      | Noticed Robin
  2770 | D:3      | Reached XP level 4. HP: 25/25 MP: 8/13
  3018 | D:3      | Paralysed by Grinder for 4 turns
  3026 | D:3      | Paralysed by Grinder for 3 turns
  3028 | D:3      | HP: 1/25 [Grinder/nerve-wracking pain (14)]
  3527 | D:3      | Killed Robin
  3693 | D:3      | Paralysed by Grinder for 4 turns
  3710 | D:3      | Killed from afar by Grinder

Illustrated notes

Levels and vault maps discovered:
D:1:      sevenhm_arrival_forest_fort_small_3, layout_basic, minmay_fountain_box
D:2:      layout_rooms, basic_altar
D:3:      cheibrodos_helix_gallery, layout_rooms, grunt_gozag_statues,
          minmay_unequal, uniq_robin, uniq_grinder, uniq_crazy_yiuf_cottage

Skill      XL: |  1  2  3 |
---------------+----------+-----
Spellcasting   | 5 |  5.5
Armour         | 1 |  1.0
Fighting       | 1 |  1.0
Conjurations   | 2 |  2.2
Dodging        | |  2.7
Stealth        | |  2.4
Summonings     | |  1.1
Translocations | |  1.1
Fire Magic     | |  0.9

Action                   |  1- 3 |  4- 6 || total
-------------------------+-------+-------++-------
Melee: Dagger            |     2 |    20 ||    22
 Cast: Magic Dart        |   136 |    22 ||   158
       Call Imp          |     1 |     4 ||     5
       Mephitic Cloud    |       |     2 ||     2
       Blink             |       |     1 ||     1
 Stab: Confused          |       |     2 ||     2
Armor: Robe              |     4 |       ||     4
       Leather armour    |     6 |    10 ||    16
Dodge: Dodged            |    29 |    18 ||    47
Block: Other             |    13 |     4 ||    17

Table legend: (Time is in decaauts)
 A = Elapsed time spent in this place.
 B = Non-inter-level travel time spent in this place.
 C = Inter-level travel time spent in this place.
 D = Time resting spent in this place.
 E = Time spent auto-exploring this place.
 F = Levels seen in this place.
 G = Mean time per level.
                   A        B        C        D        E       F      G
               +--------+--------+--------+--------+--------+-----+--------+
         Total |   3716 |   3576 |    140 |   1172 |   1897 |   3 | 1238.7 |
       Dungeon |   3716 |   3576 |    140 |   1172 |   1897 |   3 | 1238.7 |
               +--------+--------+--------+--------+--------+-----+--------+

Top non-repeatable levels by time:
     D:2: 1921 daAuts
     D:1: 1322 daAuts
     D:3: 472 daAuts
